 Dungeon Crawl Stone Soup version 0.17-a0-389-g4a39274 (webtiles) character file.

66 ajon the Cudgeler (level 3, -2/27 HPs)
             Began as a Demonspawn Warper on Apr 2, 2015.
             Was an Initiate of Makhleb.
             Slain by Morsion's ghost (14 damage)
             ... on level 3 of the Dungeon.
             The game lasted 00:04:46 (1866 turns).

ajon the Cudgeler (Demonspawn Warper)               Turns: 1866, Time: 00:04:46

Health: -2/27      AC:  4    Str: 11    XL:     3   Next: 96%
Magic:  5/5        EV: 17    Int: 15    God:    Makhleb [......]
Gold:   105        SH:  0    Dex: 19    Spells: 3 memorised, 1 level left

rFire  . . .     SeeInvis .     a - +0 mace
rCold  . . .     Clarity  .     b - +0 leather armour
rNeg   . . .     SustAb   +     (no shield)
rPois  .         Gourm    .     p - +0 helmet
rElec  .         Spirit   .     (no cloak)
rCorr  .         Warding  .     (no gloves)
rMut   .         Stasis   .     (no boots)
MR     .....                    (no amulet)
Stlth  ++++......               r - ring of stealth
                                e - ring of sustain abilities

@: agile, not resistant to hostile enchantments, stealthy
A: thin skeletal structure 1, powered by pain 1
a: Renounce Religion


You were on level 3 of the Dungeon.
You worshipped Makhleb.
Makhleb was noncommittal.
You were not hungry.

You visited 1 branch of the dungeon, and saw 3 of its levels.

You collected 105 gold pieces.

Inventory:

Hand weapons
 a - a +0 mace (weapon)
Missiles
 g - 4 tomahawks (quivered)
Armour
 b - a +0 leather armour (worn)
 p - a +0 helmet (worn)
Jewellery
 e - a ring of sustain abilities (left hand)
 r - a ring of stealth (right hand)
Scrolls
 d - 2 scrolls of blinking
 h - a scroll of enchant weapon {unknown}
 k - 3 scrolls of remove curse {unknown}
 n - 2 scrolls of immolation {unknown}
 s - a scroll of noise {unknown}
 t - a scroll of teleportation {unknown}
Potions
 i - 2 potions of curing {unknown}
 l - a potion of magic {unknown}
 m - 3 potions of brilliance {unknown}
 o - 2 potions of agility {unknown}
 q - a potion of mutation {unknown}
 u - a potion of heal wounds {unknown}
Books
 c - a book of Spatial Translocations

   Spells                             Type                      Level
   a - Apportation                    Translocation                1
   b - Blink                          Translocation                2
   c - Shroud of Golubria             Charms/Translocation         2
   d - Portal Projectile              Translocation                3
   e - Teleport Other                 Translocation                3
   f - Passage of Golubria            Translocation                4
Comestibles
 f - a bread ration
 j - 3 meat rations


   Skills:
 - Level 2.0 Fighting
 * Level 3.9 Maces & Flails
 - Level 0.8 Throwing
 - Level 0.8 Armour
 - Level 1.7 Dodging
 - Level 2.0 Spellcasting
 - Level 2.6 Translocations


You had one spell level left.
You knew the following spells:

 Your Spells              Type           Power        Failure   Level  Hunger
a - Apportation           Tloc           #.........   12%         1    #......
b - Blink                 Tloc           N/A          17%         2    ###....
c - Shroud of Golubria    Chrm/Tloc      #.........   30%         2    ###....


Dungeon Overview and Level Annotations

Branches:
Dungeon (3/15)

Altars:
Makhleb
Nemelex Xobeh

Annotations:
D:3 Morsion's ghost, average DDFi


Innate Abilities, Weirdness & Mutations

You have a somewhat thin skeletal structure (Dex +2, Stealth).
You sometimes gain a little power by taking damage.


Message History

You kill the giant newt!
Makhleb accepts your kill. Morsion's ghost stares at you.
Morsion's ghost closely misses you.
You hit Morsion's ghost but do no damage.
Morsion's ghost hits you!
Ouch! That really hurt!
You focus on the pain.
You feel agile all of a sudden. Morsion's ghost closely misses you.
You hit Morsion's ghost.
Morsion's ghost is lightly damaged.
Morsion's ghost hits you but does no damage.
You hit Morsion's ghost.
Morsion's ghost is lightly damaged.
Morsion's ghost whispers, "There is no future for you."
Morsion's ghost barely misses you. Morsion's ghost hits you!
Ouch! That really hurt!
You die...

.........
#...........
#............
#.............
#.............
#.............
#..............
#....W.........
#..<@...........
#......†.........
###.###.........#
#. #.........# #.
#.........# #.
#..<......#
.........#.#####
#.###.#.#.# .
...#.# #


You could see Morsion's ghost.

Vanquished Creatures
  An adder (D:2)
  A worm (D:2)
  9 goblins
  3 hobgoblins
  3 jackals (D:2)
  11 kobolds
  3 ball pythons
  4 bats
  3 giant cockroaches (D:2)
  7 giant newts
  11 rats
56 creatures vanquished.

Notes
Turn   | Place    | Note
--------------------------------------------------------------
     0 | D:1      | ajon, the Demonspawn Warper, began the quest for the Orb.
     0 | D:1      | Reached XP level 1. HP: 16/16 MP: 3/3
   174 | D:1      | Gained mutation: You sometimes gain a little power by taking damage. [demonic ancestry]
   174 | D:1      | Reached XP level 2. HP: 20/22 MP: 4/4
   770 | D:1      | Reached skill level 3 in Maces & Flails
   799 | D:1      | Learned a level 2 spell: Blink
   802 | D:1      | Learned a level 2 spell: Shroud of Golubria
  1096 | D:2      | Gained mutation: You have a somewhat thin skeletal structure (Dex +2, Stealth). [demonic ancestry]
  1096 | D:2      | Reached XP level 3. HP: 20/27 MP: 5/5
  1250 | D:2      | Found a sparkling altar of Nemelex Xobeh.
  1308 | D:2      | Found a burning altar of Makhleb.
  1340 | D:2      | Became a worshipper of Makhleb the Destroyer
  1858 | D:3      | Noticed Morsion's ghost (average DDFi)
  1866 | D:3      | Slain by Morsion's ghost

Action                   || total
-------------------------++-------
Melee: Mace              ||   151
Throw: Tomahawk          ||     5
  Eat: Chunk             ||     3
